Sasquatch vs Carnivores
Created - February 17, 2019 at 21:37
Goals
|
Sasquatch |
3 |
1 |
2 |
6 |
Carnivores |
2 |
2 |
4 |
8 |
|
Shots
|
Sasquatch |
10 |
10 |
11 |
31 |
Carnivores |
10 |
15 |
7 |
32 |
|
1st period
1. Carnivores , Blake Geoffrion 43 (Nikita Alexeev 23, Anton Gustafsson 13) at 0:59
2. Sasquatch , Jeff Skinner 30 (Drew Shore 44) at 5:18
3. Carnivores , Nicolas Kerdiles 19 (Elias Lindholm 6, David Schlemko 12) at 6:28
4. Sasquatch , Petr Straka 12 (Brock Trotter 22, Josh Morrissey 5) at 7:55
5. Sasquatch , Jeff Skinner 31 (Drew Shore 45, Jesper Fast 31) at 17:33
Penalties :
Mat Clark (Bre) for Hooking (Minor) at 2:34
2nd period
6. Sasquatch , Drew Shore 27 (Jesper Fast 32) at 7:48
7. Carnivores , Blake Geoffrion 44 (Nikita Alexeev 24, Anton Gustafsson 14) at 15:16 (PP)
8. Carnivores , Blake Geoffrion 45 (Nikita Alexeev 25, Anton Gustafsson 15) at 18:10 (PP)
Penalties :
Nicolas Kerdiles (Bre) for High sticking (Minor) at 1:28, Matt Halischuk (Gat) for Roughing (Minor) at 8:27, Brett Pesce (Gat) for Diving (Minor) at 15:10, Jesper Fast (Gat) for High sticking (Minor) at 17:16, Josh Morrissey (Gat) for Slashing (Minor) at 0:00
3rd period
9. Carnivores , Mark McNeill 10 (Nicolas Kerdiles 14) at 4:25
10. Sasquatch , Matt Halischuk 25 (Slava Voynov 24, Jesper Fast 33) at 6:35
11. Carnivores , Anton Gustafsson 10 (Chris Lawrence 28, Niklas Svedberg) at 7:47 (SH)
12. Sasquatch , Dougie Hamilton 14 (Drew Shore 46, Jesper Fast 34) at 7:53 (PP)
13. Carnivores , Jeremy Williams 28 (David Fischer 18) at 18:04
14. Carnivores , Jeremy Williams 29 (David Fischer 19, Blake Geoffrion 40) at 19:44 (Empty Net)
Penalties :
Blake Geoffrion (Bre) for High sticking (Double Minor) at 6:38, Hunter Shinkaruk (Bre) for Roughing (Minor) at 12:51
Goalie Stats
Corey Crawford (Gat), 24 saves from 31 shots - (0.774), L, 9-12-3, 59:16 minutes
Anders Lindback (Bre), 11 saves from 15 shots - (0.733), 27:48 minutes
Niklas Svedberg (Bre), 14 saves from 16 shots - (0.875), W, 12-9-1, 32:12 minutes
Players Stats for Sasquatch
Player Name G A P +/- PIM S H SB GA TA FO MP PP MP PK MP
------------------------------------------------------------------------------------
Brett Pesce 0 0 0 0 2 0 0 0 0 0 0/0 10:30 0:00 0:00
Brock Trotter 0 1 1 0 0 1 4 0 0 0 0/0 12:21 3:35 0:48
David Desharnais 0 0 0 0 0 2 0 0 0 0 2/4 8:57 0:00 0:00
Devin Shore 0 0 0 0 0 0 1 0 1 0 5/9 11:29 3:35 0:00
Dougie Hamilton 1 0 1 -1 0 7 4 1 1 4 0/0 29:52 5:45 2:52
Drew Shore 1 3 4 -2 0 1 3 0 0 1 18/41 24:19 5:25 3:02
Jeff Skinner 2 0 2 -2 0 3 2 1 2 0 2/2 21:18 5:26 0:00
Jesper Fast 0 4 4 -2 2 1 1 3 0 1 2/2 21:17 5:26 0:00
Josh Morrissey 0 1 1 -1 2 0 0 0 0 0 0/0 14:10 3:26 0:00
Martin Marincin 0 0 0 1 0 1 0 1 0 0 0/0 16:02 0:00 2:07
Matt Halischuk 1 0 1 1 2 4 0 1 1 0 0/0 16:08 3:35 0:00
Nicolas Deslauriers 0 0 0 0 0 3 0 0 0 0 1/1 12:19 0:10 3:03
Patrick Wey 0 0 0 -1 0 0 0 2 0 0 0/0 29:52 5:45 2:52
Petr Straka 1 0 1 0 0 2 1 0 0 0 0/0 9:11 0:10 0:34
Sergey Kalinin 0 0 0 1 0 3 3 0 0 0 8/13 14:37 0:11 1:23
Slava Voynov 0 1 1 0 0 1 3 2 0 0 0/0 19:37 3:26 2:07
Sven Andrighetto 0 0 0 0 0 0 4 0 0 0 0/0 8:57 0:00 0:00
Teemu Hartikainen 0 0 0 1 0 2 3 0 1 0 1/1 14:02 0:00 1:08
Players Stats for Carnivores
Player Name G A P +/- PIM S H SB GA TA FO MP PP MP PK MP
------------------------------------------------------------------------------------
Adam Almquist 0 0 0 -1 0 0 0 0 0 0 0/0 10:41 0:00 0:05
Anton Gustafsson 1 3 4 -1 0 4 4 1 0 0 18/41 23:28 3:03 5:34
Blake Geoffrion 3 1 4 0 4 4 3 0 1 0 2/2 18:46 3:03 0:00
Chris Lawrence 0 1 1 -2 0 3 0 0 0 0 0/1 17:32 0:00 5:34
Curtis Lazar 0 0 0 0 0 0 0 0 0 0 0/0 0:13 0:06 0:00
David Fischer 0 2 2 0 0 0 1 0 0 2 0/0 29:34 3:36 6:00
David Schlemko 0 1 1 0 0 1 0 1 0 0 0/0 13:47 0:00 3:11
Elias Lindholm 0 1 1 1 0 0 0 0 0 0 2/8 9:52 0:00 0:00
Hunter Shinkaruk 0 0 0 1 2 0 0 0 0 0 0/0 8:45 0:00 0:47
Jeremy Welsh 0 0 0 -2 0 3 0 1 0 0 0/0 13:51 1:53 0:00
Jeremy Williams 2 0 2 2 0 2 0 0 1 0 0/0 10:35 1:53 0:00
Mark McNeill 1 0 1 1 0 2 0 0 0 0 0/0 11:07 0:00 1:15
Mat Clark 0 0 0 2 2 0 2 0 0 0 0/0 19:01 1:23 2:13
Mattias Backman 0 0 0 1 0 1 0 1 0 0 0/0 15:55 0:00 0:53
Nate Schmidt 0 0 0 0 0 0 2 2 1 3 0/0 27:37 3:36 6:00
Nicolas Kerdiles 1 1 2 2 2 4 2 0 0 1 0/1 12:49 0:03 2:21
Nikita Alexeev 0 3 3 -1 0 6 5 0 3 0 3/3 17:47 3:03 0:00
Ryan Pulock 0 0 0 0 0 0 0 0 0 0 0/0 3:34 1:23 0:00
Scott Laughton 0 0 0 -1 0 2 1 0 0 0 8/15 16:46 1:53 2:42
Zack Smith 0 0 0 2 0 0 2 0 0 0 1/2 9:05 0:00 0:09
3 Stars
1 - Blake Geoffrion (Bre)
2 - Anton Gustafsson (Bre)
3 - Jeremy Williams (Bre)
Power Play
Sasquatch - 1 on 5 Attempt(s) - 20.00%
Carnivores - 2 on 4 Attempt(s) - 50.00%
Penalty Kill
Sasquatch - 2 on 4 Attempt(s) - 50.00%
- Score 0 goal in Penalty Kill
Carnivores - 4 on 5 Attempt(s) - 80.00%
- Score 1 goal in Penalty Kill
Team Stat
Sasquatch - Hits : 29 - Faceoff Wins : 39 - Blocked Shots : 11 - Penalty Minutes : 8
Carnivores - Hits : 22 - Faceoff Wins : 34 - Blocked Shots : 6 - Penalty Minutes : 10
Official
Referees : Unknown
Linesman : Unknown
Game Notes
Niklas Svedberg enters game at 7:48 of 2nd period
Blake Geoffrion has scored a Hat Trick!
Jeremy Williams has scored in a empty net!
Finance
Level 1 -- Attendance: 1476 (73.80%) -- Ticket Income $59,040
Level 2 -- Attendance: 746 (74.60%) -- Ticket Income $14,920
Total Attendance: 2222 (74.07%)
Total Ticket Income: $73,960
Other Income: $3,698
Total Income: $77,658
Sasquatch
5 vs 5 Forward
Center Left Wing Right Wing Time % Phy DF OF
1 Drew Shore Jeff Skinner Jesper Fast 40 1 2 2
2 Sergey Kalinin Teemu Hartikainen Matt Halischuk 30 1 2 2
3 Devin Shore Brock Trotter Petr Straka 20 1 2 2
4 David Desharnais Nicolas Deslauriers Sven Andrighetto 10 1 2 2
5 vs 5 Defense
Defense Defense Time % Phy DF OF
1 Patrick Wey Dougie Hamilton 40 1 2 2
2 Martin Marincin Slava Voynov 30 1 2 2
3 Josh Morrissey Brett Pesce 20 1 2 2
4 Patrick Wey Dougie Hamilton 10 1 2 2
PowerPlay Forward
Center Left Wing Right Wing Time % Phy DF OF
1 Drew Shore Jeff Skinner Jesper Fast 60 1 2 2
2 Devin Shore Brock Trotter Matt Halischuk 40 1 2 2
PowerPlay Defense
Defense Defense Time % Phy DF OF
1 Patrick Wey Dougie Hamilton 60 1 2 2
2 Josh Morrissey Slava Voynov 40 1 2 2
Penalty Kill 4 Players Forward
Center Wing Time % Phy DF OF
1 Drew Shore Nicolas Deslauriers 60 1 2 2
2 Sergey Kalinin Teemu Hartikainen 40 1 2 2
Penalty Kill 4 Players Defense
Defense Defense Time % Phy DF OF
1 Patrick Wey Dougie Hamilton 60 1 2 2
2 Martin Marincin Slava Voynov 40 1 2 2
Penalty Kill - 3 Players Forward
Forward Time % Phy DF OF
1 Drew Shore 60 1 2 2
2 Sergey Kalinin 40 1 2 2
Penalty Kill - 3 Players Defense
Defense Defense Time % Phy DF OF
1 Patrick Wey Dougie Hamilton 60 1 2 2
2 Martin Marincin Slava Voynov 40 1 2 2
4 vs 4 Forward
Center Wing Time % Phy DF OF
1 Drew Shore Jeff Skinner 60 1 2 2
2 David Desharnais Jesper Fast 40 1 2 2
4 vs 4 Defense
Defense Defense Time % Phy DF OF
1 Patrick Wey Dougie Hamilton 60 1 2 2
2 Martin Marincin Slava Voynov 40 1 2 2
Last Minutes Offensive
Center Left Wing Right Wing Defense Defense
Drew Shore Jeff Skinner Matt Halischuk Patrick Wey Dougie Hamilton
Last Minutes Defensive
Center Left Wing Right Wing Defense Defense
Drew Shore Teemu Hartikainen Matt Halischuk Patrick Wey Dougie Hamilton
Goaltenders
Starting : Corey Crawford
Backup : Joonas Korpisalo
Extra Forwards
Normal : Sergey Kalinin, Devin Shore, Petr Straka - PP : Sergey Kalinin, Devin Shore - PK : Petr Straka
Extra Defensemen
Normal : Josh Morrissey, Brett Pesce, Martin Marincin - PP : Josh Morrissey - PK : Brett Pesce, Martin Marincin
Penalty Shots
Jeff Skinner, Devin Shore, Matt Halischuk, Petr Straka, Brock Trotter
Scratches
Ryan Dzingel (Healthy), T.J. Tynan (Healthy), Ty Rattie (Healthy), Andrew Campbell (Healthy), Cal Petersen (Healthy)
Carnivores
5 vs 5 Forward
Center Left Wing Right Wing Time % Phy DF OF
1 Anton Gustafsson Blake Geoffrion Nikita Alexeev 40 1 2 2
2 Scott Laughton Jeremy Welsh Chris Lawrence 30 1 2 2
3 Elias Lindholm Nicolas Kerdiles Mark McNeill 20 1 2 2
4 Zack Smith Hunter Shinkaruk Jeremy Williams 10 1 2 2
5 vs 5 Defense
Defense Defense Time % Phy DF OF
1 David Fischer Nate Schmidt 40 1 2 2
2 Mattias Backman Mat Clark 30 1 2 2
3 Adam Almquist David Schlemko 20 1 2 2
4 David Fischer Ryan Pulock 10 1 2 2
PowerPlay Forward
Center Left Wing Right Wing Time % Phy DF OF
1 Anton Gustafsson Blake Geoffrion Nikita Alexeev 60 1 2 2
2 Scott Laughton Jeremy Welsh Jeremy Williams 40 1 2 2
PowerPlay Defense
Defense Defense Time % Phy DF OF
1 David Fischer Nate Schmidt 60 1 2 2
2 Ryan Pulock Mat Clark 40 1 2 2
Penalty Kill 4 Players Forward
Center Wing Time % Phy DF OF
1 Anton Gustafsson Chris Lawrence 60 1 2 2
2 Scott Laughton Nicolas Kerdiles 40 1 2 2
Penalty Kill 4 Players Defense
Defense Defense Time % Phy DF OF
1 David Fischer Nate Schmidt 60 1 2 2
2 David Schlemko Mat Clark 40 1 2 2
Penalty Kill - 3 Players Forward
Forward Time % Phy DF OF
1 Anton Gustafsson 60 1 2 2
2 Chris Lawrence 40 1 2 2
Penalty Kill - 3 Players Defense
Defense Defense Time % Phy DF OF
1 David Fischer Nate Schmidt 60 1 2 2
2 David Schlemko Mat Clark 40 1 2 2
4 vs 4 Forward
Center Wing Time % Phy DF OF
1 Anton Gustafsson Blake Geoffrion 60 1 2 2
2 Scott Laughton Nicolas Kerdiles 40 1 2 2
4 vs 4 Defense
Defense Defense Time % Phy DF OF
1 Ryan Pulock Nate Schmidt 60 1 2 2
2 Mattias Backman Mat Clark 40 1 2 2
Last Minutes Offensive
Center Left Wing Right Wing Defense Defense
Scott Laughton Blake Geoffrion Jeremy Williams Ryan Pulock Nate Schmidt
Last Minutes Defensive
Center Left Wing Right Wing Defense Defense
Zack Smith Blake Geoffrion Jeremy Williams David Fischer Nate Schmidt
Goaltenders
Starting : Anders Lindback
Backup : Niklas Svedberg
Extra Forwards
Normal : Curtis Lazar, Zack Smith, Nicolas Kerdiles - PP : Curtis Lazar, Nicolas Kerdiles - PK : Mark McNeill
Extra Defensemen
Normal : Mattias Backman, Mat Clark, Adam Almquist - PP : Mattias Backman - PK : Mattias Backman, Adam Almquist
Penalty Shots
Blake Geoffrion, Scott Laughton, Curtis Lazar, Hunter Shinkaruk, Zack Smith
Scratches
Stanislav Galiev (Healthy), Mark MacMillan (Healthy), Tyler Graovac (Healthy), Sasha Pokulok (Lacerated Left Calf Injury), Troy Bourke (Healthy)
Alexandre Mallet (Healthy), Michael Schumacher (Healthy), T.J Brodie (Sprained Right Knee Injury), Tristan Jarry (Healthy)
% Time on Ice - Sasquatch
Lines # - Real PCT - Wanted PCT - Time Play
Normal Forward
1 - 35% - 40% - 16:16
2 - 28% - 30% - 12:58
3 - 17% - 20% - 7:39
4 - 20% - 10% - 8:57
Normal Defense
1 - 43% - 40% - 19:38
2 - 31% - 30% - 14:04
3 - 23% - 20% - 10:31
4 - 4% - 10% - 1:37
PP Forward
1 - 61% - 60% - 5:36
2 - 39% - 40% - 3:35
PP Defense
1 - 63% - 60% - 5:45
2 - 37% - 40% - 3:26
PK Forward
1 - 77% - 60% - 3:51
2 - 23% - 40% - 1:08
PK Defense
1 - 58% - 60% - 2:52
2 - 42% - 40% - 2:07
PK3 Forward
1 - 0% - 60%
2 - 0% - 40%
PK3 Defense
1 - 0% - 60%
2 - 0% - 40%
44 Forward
1 - 0% - 60%
2 - 0% - 40%
44 Defense
1 - 0% - 60%
2 - 0% - 40%
Last Minute Offensive - 0:00
Last Minute Defensive - 0:00
Total
Forward - 60:00
Defense - 60:00
|
% Time on Ice - Carnivores
Lines # - Real PCT - Wanted PCT - Time Play
Normal Forward
1 - 34% - 40% - 15:05
2 - 27% - 30% - 12:11
3 - 22% - 20% - 9:52
4 - 17% - 10% - 7:42
Normal Defense
1 - 38% - 40% - 17:01
2 - 35% - 30% - 15:38
3 - 23% - 20% - 10:14
4 - 4% - 10% - 1:57
PP Forward
1 - 62% - 60% - 3:06
2 - 38% - 40% - 1:53
PP Defense
1 - 72% - 60% - 3:36
2 - 28% - 40% - 1:23
PK Forward
1 - 74% - 60% - 6:45
2 - 26% - 40% - 2:26
PK Defense
1 - 65% - 60% - 6:00
2 - 35% - 40% - 3:11
PK3 Forward
1 - 0% - 60%
2 - 0% - 40%
PK3 Defense
1 - 0% - 60%
2 - 0% - 40%
44 Forward
1 - 0% - 60%
2 - 0% - 40%
44 Defense
1 - 0% - 60%
2 - 0% - 40%
Last Minute Offensive - 0:00
Last Minute Defensive - 1:00
Total
Forward - 60:00
Defense - 60:00
|
Play-by-Play
1st period
0:01 of 1st period - Drew Shore wins face-off versus Anton Gustafsson in neutral zone.
0:20 of 1st period - Drew Shore is hit by Anton Gustafsson and loses puck.
0:29 of 1st period - Drew Shore is hit by Nate Schmidt.
0:59 of 1st period - Snap shot by Blake Geoffrion.
0:59 of 1st period - Goal by Blake Geoffrion - Sasquatch : 0 - Carnivores : 1.
1:00 of 1st period - Sergey Kalinin wins face-off versus Scott Laughton in neutral zone.
2:09 of 1st period - Wrist shot by Teemu Hartikainen.
2:09 of 1st period - Stopped by Anders Lindback without a rebound.
2:10 of 1st period - Teemu Hartikainen wins face-off versus Scott Laughton in Carnivores zone.
2:25 of 1st period - Snap shot by Matt Halischuk.
2:25 of 1st period - Deflect By Teemu Hartikainen.
2:25 of 1st period - Deflect By David Fischer.
2:25 of 1st period - Shot Misses the Net.
2:25 of 1st period - Puck is out of play.
2:26 of 1st period - Devin Shore wins face-off versus Elias Lindholm in Carnivores zone.
2:34 of 1st period - Minor Penalty to Mat Clark for Hooking.
2:35 of 1st period - Jeff Skinner wins face-off versus Anton Gustafsson in Carnivores zone.
4:34 of 1st period - Penalty to Mat Clark is over, Mat Clark is back on ice.
4:38 of 1st period - David Schlemko is hit by Sergey Kalinin and loses puck.
4:54 of 1st period - Hunter Shinkaruk is hit by Slava Voynov and loses puck.
5:08 of 1st period - Icing by Ryan Pulock.
5:09 of 1st period - Sergey Kalinin wins face-off versus Anton Gustafsson in Carnivores zone.
5:12 of 1st period - Wrist shot by Teemu Hartikainen.
5:12 of 1st period - Shot Misses the Net.
5:14 of 1st period - Wrist shot by Matt Halischuk.
5:14 of 1st period - Stopped by Anders Lindback without a rebound.
5:15 of 1st period - Drew Shore wins face-off versus Anton Gustafsson in Carnivores zone.
5:18 of 1st period - Wrist shot by Jeff Skinner.
5:18 of 1st period - Goal by Jeff Skinner - Sasquatch : 1 - Carnivores : 1.
5:19 of 1st period - Anton Gustafsson wins face-off versus Drew Shore in neutral zone.
5:24 of 1st period - Jeff Skinner is hit by Blake Geoffrion and loses puck.
6:12 of 1st period - Wrist shot by Nicolas Kerdiles.
6:12 of 1st period - Stopped by Corey Crawford with a rebound.
6:14 of 1st period - Snap shot by Nicolas Kerdiles.
6:14 of 1st period - Stopped by Corey Crawford without a rebound.
6:15 of 1st period - Drew Shore wins face-off versus Elias Lindholm in Sasquatch zone.
6:22 of 1st period - Slapshot by David Schlemko.
6:22 of 1st period - Shot Blocked by Jesper Fast.
6:24 of 1st period - Slapshot by David Schlemko.
6:24 of 1st period - Stopped by Corey Crawford with a rebound.
6:26 of 1st period - Snap shot by Elias Lindholm.
6:26 of 1st period - Shot Misses the Net.
6:28 of 1st period - Snap shot by Nicolas Kerdiles.
6:28 of 1st period - Goal by Nicolas Kerdiles - Sasquatch : 1 - Carnivores : 2.
6:29 of 1st period - Anton Gustafsson wins face-off versus Drew Shore in neutral zone.
6:54 of 1st period - Chris Lawrence is hit by Brock Trotter and loses puck.
7:07 of 1st period - Wrist shot by Brock Trotter.
7:07 of 1st period - Stopped by Anders Lindback without a rebound.
7:08 of 1st period - Anton Gustafsson wins face-off versus Sergey Kalinin in Carnivores zone.
7:19 of 1st period - Snap shot by Blake Geoffrion.
7:19 of 1st period - Shot Misses the Net.
7:21 of 1st period - Slapshot by Anton Gustafsson.
7:21 of 1st period - Stopped by Corey Crawford with a rebound.
7:23 of 1st period - Slapshot by Blake Geoffrion.
7:23 of 1st period - Shot Misses the Net.
7:33 of 1st period - Nate Schmidt is hit by Jeff Skinner.
7:53 of 1st period - Slapshot by Brock Trotter.
7:53 of 1st period - Shot Blocked by David Schlemko.
7:55 of 1st period - Wrist shot by Petr Straka.
7:55 of 1st period - Goal by Petr Straka - Sasquatch : 2 - Carnivores : 2.
7:56 of 1st period - Anton Gustafsson wins face-off versus Drew Shore in neutral zone.
8:31 of 1st period - Snap shot by Sergey Kalinin.
8:31 of 1st period - Stopped by Anders Lindback without a rebound.
8:32 of 1st period - Scott Laughton wins face-off versus Devin Shore in Carnivores zone.
8:59 of 1st period - Patrick Wey is hit by Nikita Alexeev and loses puck.
9:24 of 1st period - Wrist shot by Nicolas Kerdiles.
9:24 of 1st period - Shot Misses the Net.
9:30 of 1st period - Snap shot by Jeff Skinner.
9:30 of 1st period - Deflect By Jesper Fast.
9:30 of 1st period - Shot Misses the Net.
9:30 of 1st period - Puck is out of play.
9:31 of 1st period - Devin Shore wins face-off versus Scott Laughton in Carnivores zone.
9:56 of 1st period - Martin Marincin is hit by Anton Gustafsson and loses puck.
10:03 of 1st period - Snap shot by Anton Gustafsson.
10:03 of 1st period - Shot Blocked by Slava Voynov.
10:05 of 1st period - Slapshot by Nate Schmidt.
10:05 of 1st period - Shot Blocked by Slava Voynov.
10:07 of 1st period - Slapshot by Nikita Alexeev.
10:07 of 1st period - Shot Misses the Net.
10:31 of 1st period - Wrist shot by Drew Shore.
10:31 of 1st period - Shot Misses the Net.
10:55 of 1st period - Slapshot by Patrick Wey.
10:55 of 1st period - Shot Blocked by Mattias Backman.
13:39 of 1st period - Icing by Scott Laughton.
13:40 of 1st period - Scott Laughton wins face-off versus Sergey Kalinin in Carnivores zone.
13:40 of 1st period - Scott Laughton is hit by Dougie Hamilton.
13:54 of 1st period - Chris Lawrence is hit by Sergey Kalinin and loses puck.
14:32 of 1st period - Snap shot by Brock Trotter.
14:32 of 1st period - Shot Misses the Net.
14:48 of 1st period - Zack Smith is hit by Sven Andrighetto and loses puck.
15:13 of 1st period - Snap shot by Sergey Kalinin.
15:13 of 1st period - Stopped by Anders Lindback with a rebound.
15:15 of 1st period - Slapshot by Matt Halischuk.
15:15 of 1st period - Stopped by Anders Lindback without a rebound.
15:16 of 1st period - Nikita Alexeev wins face-off versus Sergey Kalinin in Carnivores zone.
15:16 of 1st period - Nikita Alexeev is hit by Slava Voynov.
15:54 of 1st period - Wrist shot by Teemu Hartikainen.
15:54 of 1st period - Stopped by Anders Lindback without a rebound.
15:55 of 1st period - Scott Laughton wins face-off versus Drew Shore in Carnivores zone.
16:20 of 1st period - Mattias Backman is hit by Brock Trotter and loses puck.
16:59 of 1st period - Blake Geoffrion is hit by Teemu Hartikainen and loses puck.
17:08 of 1st period - Matt Halischuk is hit by Blake Geoffrion and loses puck.
17:31 of 1st period - Slapshot by Drew Shore.
17:31 of 1st period - Shot Blocked by Jeremy Welsh.
17:33 of 1st period - Snap shot by Jeff Skinner.
17:33 of 1st period - Goal by Jeff Skinner - Sasquatch : 3 - Carnivores : 2.
17:34 of 1st period - Blake Geoffrion wins face-off versus Drew Shore in neutral zone.
18:07 of 1st period - Snap shot by Chris Lawrence.
18:07 of 1st period - Shot Blocked by Martin Marincin.
18:09 of 1st period - Snap shot by Chris Lawrence.
18:09 of 1st period - Stopped by Corey Crawford without a rebound.
18:10 of 1st period - Anton Gustafsson wins face-off versus Drew Shore in Sasquatch zone.
18:13 of 1st period - Wrist shot by Anton Gustafsson.
18:13 of 1st period - Stopped by Corey Crawford without a rebound.
18:14 of 1st period - Drew Shore wins face-off versus Anton Gustafsson in Sasquatch zone.
19:46 of 1st period - Jeff Skinner is hit by Nikita Alexeev and loses puck.
19:55 of 1st period - Wrist shot by Nikita Alexeev.
19:55 of 1st period - Stopped by Corey Crawford without a rebound.
19:56 of 1st period - Scott Laughton wins face-off versus Drew Shore in Sasquatch zone.
19:59 of 1st period - Wrist shot by Chris Lawrence.
19:59 of 1st period - Deflect By Scott Laughton.
19:59 of 1st period - Stopped by Corey Crawford with a rebound.
Goals for this period are 3 for Sasquatch vs 2 for Carnivores.
Shots for this period are 10 for Sasquatch vs 10 for Carnivores.
2nd period
0:01 of 2nd period - Anton Gustafsson wins face-off versus Drew Shore in neutral zone.
0:26 of 2nd period - Scott Laughton is hit by Brock Trotter and loses puck.
0:31 of 2nd period - Backhand shot by Dougie Hamilton.
0:31 of 2nd period - Stopped by Anders Lindback with a rebound.
0:33 of 2nd period - Wrist shot by Dougie Hamilton.
0:33 of 2nd period - Shot Blocked by Nate Schmidt.
0:40 of 2nd period - Icing by Scott Laughton.
0:41 of 2nd period - Drew Shore wins face-off versus Scott Laughton in Carnivores zone.
0:53 of 2nd period - Icing by David Fischer.
0:54 of 2nd period - Scott Laughton wins face-off versus Drew Shore in Carnivores zone.
0:58 of 2nd period - Off-side.
0:59 of 2nd period - Anton Gustafsson wins face-off versus Drew Shore in neutral zone.
1:12 of 2nd period - Snap shot by Blake Geoffrion.
1:12 of 2nd period - Shot Blocked by Jeff Skinner.
1:24 of 2nd period - Slapshot by Dougie Hamilton.
1:24 of 2nd period - Stopped by Anders Lindback without a rebound.
1:25 of 2nd period - Sergey Kalinin wins face-off versus Elias Lindholm in Carnivores zone.
1:26 of 2nd period - Snap shot by Matt Halischuk.
1:26 of 2nd period - Shot Misses the Net.
1:28 of 2nd period - Minor Penalty to Nicolas Kerdiles for High sticking.
1:29 of 2nd period - Anton Gustafsson wins face-off versus Drew Shore in Carnivores zone.
2:05 of 2nd period - Nate Schmidt is hit by Devin Shore and loses puck.
2:30 of 2nd period - Slapshot by Anton Gustafsson.
2:30 of 2nd period - Stopped by Corey Crawford with a rebound.
3:28 of 2nd period - Penalty to Nicolas Kerdiles is over, Nicolas Kerdiles is back on ice.
3:39 of 2nd period - Wrist shot by Nicolas Deslauriers.
3:39 of 2nd period - Shot Misses the Net.
3:41 of 2nd period - Wrist shot by David Desharnais.
3:41 of 2nd period - Stopped by Anders Lindback without a rebound.
3:42 of 2nd period - Elias Lindholm wins face-off versus David Desharnais in Carnivores zone.
3:54 of 2nd period - Snap shot by Mark McNeill.
3:54 of 2nd period - Stopped by Corey Crawford with a rebound.
3:56 of 2nd period - Slapshot by Nicolas Kerdiles.
3:56 of 2nd period - Shot Misses the Net.
3:58 of 2nd period - Slapshot by Mattias Backman.
3:58 of 2nd period - Deflect By Josh Morrissey.
3:58 of 2nd period - Stopped by Corey Crawford with a rebound.
5:57 of 2nd period - Elias Lindholm is hit by Jesper Fast and loses puck.
6:54 of 2nd period - Mark McNeill is hit by Teemu Hartikainen and loses puck.
7:31 of 2nd period - Wrist shot by Jeremy Welsh.
7:31 of 2nd period - Stopped by Corey Crawford without a rebound.
7:32 of 2nd period - Sergey Kalinin wins face-off versus Anton Gustafsson in Sasquatch zone.
7:44 of 2nd period - Slapshot by Dougie Hamilton.
7:44 of 2nd period - Stopped by Anders Lindback without a rebound.
7:45 of 2nd period - Drew Shore wins face-off versus Anton Gustafsson in Carnivores zone.
7:46 of 2nd period - Backhand shot by Jesper Fast.
7:46 of 2nd period - Shot Misses the Net.
7:48 of 2nd period - Slapshot by Drew Shore.
7:48 of 2nd period - Goal by Drew Shore - Sasquatch : 4 - Carnivores : 2.
7:48 of 2nd period - Niklas Svedberg enters game.
7:49 of 2nd period - Nikita Alexeev wins face-off versus Drew Shore in neutral zone.
8:02 of 2nd period - Slapshot by Nikita Alexeev.
8:02 of 2nd period - Stopped by Corey Crawford with a rebound.
8:16 of 2nd period - Nate Schmidt is hit by Sergey Kalinin and loses puck.
8:25 of 2nd period - Snap shot by Jeremy Welsh.
8:25 of 2nd period - Shot Misses the Net.
8:27 of 2nd period - Minor Penalty to Matt Halischuk for Roughing.
8:28 of 2nd period - Drew Shore wins face-off versus Anton Gustafsson in Sasquatch zone.
8:55 of 2nd period - Nate Schmidt is hit by Drew Shore and loses puck.
9:04 of 2nd period - Snap shot by Scott Laughton.
9:04 of 2nd period - Stopped by Corey Crawford without a rebound.
9:05 of 2nd period - Sergey Kalinin wins face-off versus Anton Gustafsson in Sasquatch zone.
9:14 of 2nd period - Slava Voynov is hit by Nikita Alexeev and loses puck.
10:12 of 2nd period - Icing by Mat Clark.
10:13 of 2nd period - Scott Laughton wins face-off versus Sergey Kalinin in Carnivores zone.
10:27 of 2nd period - Penalty to Matt Halischuk is over, Matt Halischuk is back on ice.
11:26 of 2nd period - Icing by Scott Laughton.
11:27 of 2nd period - Zack Smith wins face-off versus David Desharnais in Carnivores zone.
11:27 of 2nd period - Zack Smith is hit by Sven Andrighetto.
11:47 of 2nd period - Martin Marincin is hit by Zack Smith and loses puck.
12:53 of 2nd period - Adam Almquist is hit by Sven Andrighetto and loses puck.
13:24 of 2nd period - Wrist shot by David Desharnais.
13:24 of 2nd period - Shot Misses the Net.
13:26 of 2nd period - Slapshot by Martin Marincin.
13:26 of 2nd period - Stopped by Niklas Svedberg without a rebound.
13:27 of 2nd period - Jesper Fast wins face-off versus Anton Gustafsson in Carnivores zone.
13:28 of 2nd period - Slapshot by Dougie Hamilton.
13:28 of 2nd period - Stopped by Niklas Svedberg without a rebound.
13:29 of 2nd period - Drew Shore wins face-off versus Anton Gustafsson in Carnivores zone.
13:42 of 2nd period - Wrist shot by Nikita Alexeev.
13:42 of 2nd period - Stopped by Corey Crawford with a rebound.
13:59 of 2nd period - Mark McNeill is hit by Jeff Skinner.
14:21 of 2nd period - Wrist shot by Jeremy Welsh.
14:21 of 2nd period - Shot Blocked by Patrick Wey.
14:37 of 2nd period - Slapshot by Mat Clark.
14:37 of 2nd period - Deflect By Blake Geoffrion.
14:37 of 2nd period - Stopped by Corey Crawford with a rebound.
15:10 of 2nd period - Minor Penalty to Brett Pesce for Diving.
15:11 of 2nd period - Anton Gustafsson wins face-off versus Drew Shore in Sasquatch zone.
15:16 of 2nd period - Wrist shot by Blake Geoffrion.
15:16 of 2nd period - Goal by Blake Geoffrion - Sasquatch : 4 - Carnivores : 3.
15:17 of 2nd period - Drew Shore wins face-off versus Anton Gustafsson in neutral zone.
15:34 of 2nd period - Nikita Alexeev is hit by Drew Shore and loses puck.
15:47 of 2nd period - Slapshot by Nate Schmidt.
15:47 of 2nd period - Shot Blocked by Patrick Wey.
16:11 of 2nd period - Snap shot by Petr Straka.
16:11 of 2nd period - Shot Misses the Net.
17:09 of 2nd period - Snap shot by Chris Lawrence.
17:09 of 2nd period - Stopped by Corey Crawford with a rebound.
17:11 of 2nd period - Snap shot by Nikita Alexeev.
17:11 of 2nd period - Stopped by Corey Crawford without a rebound.
17:12 of 2nd period - Anton Gustafsson wins face-off versus Sergey Kalinin in Sasquatch zone.
17:13 of 2nd period - Wrist shot by Nikita Alexeev.
17:13 of 2nd period - Stopped by Corey Crawford without a rebound.
17:14 of 2nd period - Drew Shore wins face-off versus Anton Gustafsson in Sasquatch zone.
17:16 of 2nd period - Minor Penalty to Jesper Fast for High sticking.
17:17 of 2nd period - Anton Gustafsson wins face-off versus Drew Shore in Sasquatch zone.
17:24 of 2nd period - Icing by Nate Schmidt.
17:25 of 2nd period - Nicolas Deslauriers wins face-off versus Anton Gustafsson in Carnivores zone.
17:32 of 2nd period - Slapshot by Nicolas Deslauriers.
17:32 of 2nd period - Stopped by Niklas Svedberg with a rebound.
18:10 of 2nd period - Wrist shot by Blake Geoffrion.
18:10 of 2nd period - Goal by Blake Geoffrion - Sasquatch : 4 - Carnivores : 4.
18:11 of 2nd period - Sergey Kalinin wins face-off versus Scott Laughton in neutral zone.
18:23 of 2nd period - Wrist shot by Jeremy Welsh.
18:23 of 2nd period - Shot Blocked by Matt Halischuk.
18:25 of 2nd period - Wrist shot by Scott Laughton.
18:25 of 2nd period - Shot Misses the Net.
18:27 of 2nd period - Slapshot by Jeremy Welsh.
18:27 of 2nd period - Stopped by Corey Crawford without a rebound.
18:28 of 2nd period - Drew Shore wins face-off versus Anton Gustafsson in Sasquatch zone.
18:28 of 2nd period - Drew Shore is hit by Anton Gustafsson.
18:54 of 2nd period - David Fischer is hit by Dougie Hamilton and loses puck.
19:01 of 2nd period - Snap shot by Matt Halischuk.
19:01 of 2nd period - Stopped by Niklas Svedberg with a rebound.
19:03 of 2nd period - Wrist shot by Sergey Kalinin.
19:03 of 2nd period - Stopped by Niklas Svedberg with a rebound.
19:17 of 2nd period - Wrist shot by Nicolas Deslauriers.
19:17 of 2nd period - Shot Misses the Net.
19:25 of 2nd period - Wrist shot by Nicolas Kerdiles.
19:25 of 2nd period - Stopped by Corey Crawford without a rebound.
19:26 of 2nd period - Drew Shore wins face-off versus Anton Gustafsson in Sasquatch zone.
19:26 of 2nd period - Drew Shore is hit by Nikita Alexeev.
19:32 of 2nd period - Nikita Alexeev is hit by Drew Shore and loses puck.
19:41 of 2nd period - Brett Pesce is hit by Nikita Alexeev and loses puck.
Goals for this period are 1 for Sasquatch vs 2 for Carnivores.
Shots for this period are 10 for Sasquatch vs 15 for Carnivores.
0:00 of 3rd period - Minor Penalty to Josh Morrissey for Slashing.
3rd period
0:01 of 3rd period - Nikita Alexeev wins face-off versus Drew Shore in neutral zone.
0:56 of 3rd period - Slava Voynov is hit by Mat Clark and loses puck.
2:00 of 3rd period - Penalty to Josh Morrissey is over, Josh Morrissey is back on ice.
2:02 of 3rd period - Petr Straka is hit by David Fischer and loses puck.
2:14 of 3rd period - Icing by David Fischer.
2:15 of 3rd period - Sergey Kalinin wins face-off versus Nicolas Kerdiles in Carnivores zone.
2:20 of 3rd period - Snap shot by Teemu Hartikainen.
2:20 of 3rd period - Shot Misses the Net.
2:26 of 3rd period - Josh Morrissey is hit by Nate Schmidt and loses puck.
2:59 of 3rd period - Wrist shot by Nicolas Deslauriers.
2:59 of 3rd period - Stopped by Niklas Svedberg without a rebound.
3:00 of 3rd period - Anton Gustafsson wins face-off versus Drew Shore in Carnivores zone.
3:06 of 3rd period - Icing by Anton Gustafsson.
3:07 of 3rd period - Anton Gustafsson wins face-off versus Drew Shore in Carnivores zone.
3:13 of 3rd period - Off-side.
3:14 of 3rd period - Drew Shore wins face-off versus Anton Gustafsson in neutral zone.
3:40 of 3rd period - Nikita Alexeev is hit by Dougie Hamilton and loses puck.
4:11 of 3rd period - Wrist shot by Jeremy Welsh.
4:11 of 3rd period - Stopped by Corey Crawford with a rebound.
4:23 of 3rd period - Slapshot by Nicolas Kerdiles.
4:23 of 3rd period - Shot Misses the Net.
4:25 of 3rd period - Snap shot by Mark McNeill.
4:25 of 3rd period - Goal by Mark McNeill - Sasquatch : 4 - Carnivores : 5.
4:26 of 3rd period - Scott Laughton wins face-off versus Drew Shore in neutral zone.
4:30 of 3rd period - Slapshot by Mattias Backman.
4:30 of 3rd period - Shot Hit the Post.
4:32 of 3rd period - Snap shot by Scott Laughton.
4:32 of 3rd period - Deflect By Jeremy Welsh.
4:32 of 3rd period - Shot Blocked by Jesper Fast.
4:32 of 3rd period - Puck is out of play.
4:33 of 3rd period - Drew Shore wins face-off versus Scott Laughton in Sasquatch zone.
4:38 of 3rd period - Wrist shot by Chris Lawrence.
4:38 of 3rd period - Shot Misses the Net.
4:42 of 3rd period - Slapshot by Chris Lawrence.
4:42 of 3rd period - Shot Misses the Net.
4:48 of 3rd period - Backhand shot by Chris Lawrence.
4:48 of 3rd period - Stopped by Corey Crawford with a rebound.
5:19 of 3rd period - Snap shot by Dougie Hamilton.
5:19 of 3rd period - Stopped by Niklas Svedberg with a rebound.
5:39 of 3rd period - Snap shot by David Desharnais.
5:39 of 3rd period - Stopped by Niklas Svedberg without a rebound.
5:40 of 3rd period - David Desharnais wins face-off versus Zack Smith in Carnivores zone.
5:47 of 3rd period - Wrist shot by Nicolas Deslauriers.
5:47 of 3rd period - Stopped by Niklas Svedberg without a rebound.
5:48 of 3rd period - Drew Shore wins face-off versus Anton Gustafsson in Carnivores zone.
5:51 of 3rd period - Wrist shot by Jesper Fast.
5:51 of 3rd period - Shot Misses the Net.
5:53 of 3rd period - Wrist shot by Drew Shore.
5:53 of 3rd period - Deflect By Jeff Skinner.
5:53 of 3rd period - Stopped by Niklas Svedberg without a rebound.
5:54 of 3rd period - Anton Gustafsson wins face-off versus Drew Shore in Carnivores zone.
6:01 of 3rd period - Wrist shot by David Fischer.
6:01 of 3rd period - Deflect By Nikita Alexeev.
6:01 of 3rd period - Stopped by Corey Crawford without a rebound.
6:02 of 3rd period - Anton Gustafsson wins face-off versus Drew Shore in Sasquatch zone.
6:03 of 3rd period - Snap shot by Blake Geoffrion.
6:03 of 3rd period - Shot Misses the Net.
6:09 of 3rd period - Slapshot by Nikita Alexeev.
6:09 of 3rd period - Shot Blocked by Jesper Fast.
6:35 of 3rd period - Wrist shot by Matt Halischuk.
6:35 of 3rd period - Goal by Matt Halischuk - Sasquatch : 5 - Carnivores : 5.
6:36 of 3rd period - Anton Gustafsson wins face-off versus Drew Shore in neutral zone.
6:38 of 3rd period - Double Minor Penalty to Blake Geoffrion for High sticking.
6:39 of 3rd period - Drew Shore wins face-off versus Anton Gustafsson in Carnivores zone.
7:47 of 3rd period - Wrist shot by Anton Gustafsson.
7:47 of 3rd period - Goal by Anton Gustafsson - Sasquatch : 5 - Carnivores : 6.
7:48 of 3rd period - Jeff Skinner wins face-off versus Chris Lawrence in neutral zone.
7:53 of 3rd period - Slapshot by Dougie Hamilton.
7:53 of 3rd period - Goal by Dougie Hamilton - Sasquatch : 6 - Carnivores : 6.
7:54 of 3rd period - Drew Shore wins face-off versus Anton Gustafsson in neutral zone.
8:10 of 3rd period - Icing by Jesper Fast.
8:11 of 3rd period - Drew Shore wins face-off versus Anton Gustafsson in Sasquatch zone.
8:24 of 3rd period - Slapshot by Dougie Hamilton.
8:24 of 3rd period - Shot Blocked by Nate Schmidt.
8:26 of 3rd period - Wrist shot by Jeff Skinner.
8:26 of 3rd period - Shot Hit the Post.
8:28 of 3rd period - Snap shot by Dougie Hamilton.
8:28 of 3rd period - Shot Misses the Net.
8:30 of 3rd period - Slapshot by Dougie Hamilton.
8:30 of 3rd period - Stopped by Niklas Svedberg without a rebound.
8:31 of 3rd period - Anton Gustafsson wins face-off versus Devin Shore in Carnivores zone.
9:53 of 3rd period - Penalty to Blake Geoffrion is over, Blake Geoffrion is back on ice.
10:33 of 3rd period - Mark McNeill is hit by Brock Trotter and loses puck.
11:02 of 3rd period - Nikita Alexeev is hit by Teemu Hartikainen and loses puck.
11:19 of 3rd period - Icing by David Desharnais.
11:20 of 3rd period - David Desharnais wins face-off versus Elias Lindholm in Sasquatch zone.
11:20 of 3rd period - David Desharnais is hit by Nicolas Kerdiles.
12:11 of 3rd period - Off-side.
12:12 of 3rd period - Sergey Kalinin wins face-off versus Anton Gustafsson in neutral zone.
12:37 of 3rd period - Sergey Kalinin is hit by Mat Clark and loses puck.
12:51 of 3rd period - Minor Penalty to Hunter Shinkaruk for Roughing.
12:52 of 3rd period - Jesper Fast wins face-off versus Anton Gustafsson in Carnivores zone.
13:07 of 3rd period - Icing by Dougie Hamilton.
13:08 of 3rd period - Anton Gustafsson wins face-off versus Drew Shore in Sasquatch zone.
13:44 of 3rd period - Slapshot by Patrick Wey.
13:44 of 3rd period - Shot Misses the Net.
13:46 of 3rd period - Snap shot by Jesper Fast.
13:46 of 3rd period - Stopped by Niklas Svedberg without a rebound.
13:47 of 3rd period - Devin Shore wins face-off versus Scott Laughton in Carnivores zone.
14:46 of 3rd period - Brock Trotter is hit by Scott Laughton and loses puck.
14:51 of 3rd period - Penalty to Hunter Shinkaruk is over, Hunter Shinkaruk is back on ice.
14:59 of 3rd period - Zack Smith is hit by Sven Andrighetto and loses puck.
15:18 of 3rd period - Zack Smith is hit by Slava Voynov and loses puck.
16:01 of 3rd period - Drew Shore is hit by Nicolas Kerdiles and loses puck.
16:30 of 3rd period - David Desharnais is hit by Anton Gustafsson and loses puck.
16:40 of 3rd period - Icing by David Fischer.
16:41 of 3rd period - Scott Laughton wins face-off versus Devin Shore in Carnivores zone.
16:50 of 3rd period - Off-side.
16:51 of 3rd period - Devin Shore wins face-off versus Elias Lindholm in neutral zone.
17:00 of 3rd period - David Fischer is hit by Dougie Hamilton and loses puck.
17:17 of 3rd period - Drew Shore is hit by Blake Geoffrion and loses puck.
18:00 of 3rd period - Brett Pesce is hit by Zack Smith.
18:04 of 3rd period - Snap shot by Jeremy Williams.
18:04 of 3rd period - Goal by Jeremy Williams - Sasquatch : 6 - Carnivores : 7.
18:05 of 3rd period - Elias Lindholm wins face-off versus Devin Shore in neutral zone.
18:11 of 3rd period - Mat Clark is hit by Petr Straka and loses puck.
18:33 of 3rd period - Slapshot by Patrick Wey.
18:33 of 3rd period - Shot Blocked by Anton Gustafsson.
18:44 of 3rd period - Icing by Dougie Hamilton.
18:45 of 3rd period - Blake Geoffrion wins face-off versus Drew Shore in Sasquatch zone.
19:00 of 3rd period - Sasquatch, Corey Crawford is pulled from the net.
19:10 of 3rd period - Snap shot by Blake Geoffrion.
19:10 of 3rd period - Shot Blocked by Dougie Hamilton.
19:40 of 3rd period - Wrist shot by Jeremy Williams.
19:40 of 3rd period - Shot Misses the Net.
19:42 of 3rd period - Wrist shot by David Fischer.
19:42 of 3rd period - Shot Misses the Net.
19:44 of 3rd period - Snap shot by Jeremy Williams.
19:44 of 3rd period - Goal by Jeremy Williams - Sasquatch : 6 - Carnivores : 8.
19:44 of 3rd period - Corey Crawford from Sasquatch was sent back in the game.
19:45 of 3rd period - Devin Shore wins face-off versus Elias Lindholm in neutral zone.
19:50 of 3rd period - Slapshot by Slava Voynov.
19:50 of 3rd period - Shot Misses the Net.
19:52 of 3rd period - Snap shot by Slava Voynov.
19:52 of 3rd period - Deflect By Nicolas Kerdiles.
19:52 of 3rd period - Stopped by Niklas Svedberg with a rebound.
19:54 of 3rd period - Slapshot by Martin Marincin.
19:54 of 3rd period - Deflect By Petr Straka.
19:54 of 3rd period - Stopped by Niklas Svedberg with a rebound.
Goals for this period are 2 for Sasquatch vs 4 for Carnivores.
Shots for this period are 11 for Sasquatch vs 7 for Carnivores.
Back to the Top